 Dungeon Crawl Stone Soup version 0.30-a0-862-g1aabd4f9c5 (webtiles) character file.

Game seed: 10228049737011788713

2377 jasper the Trooper (level 9, 0/71 HPs)
             Began as a Demonspawn Fighter on Mar 9, 2023.
             Was an Elder of Cheibriados.
             Slain by an orc warrior
             ... wielding a +0 bardiche
              (19 damage)
             ... in a bailey.
             The game lasted 00:13:17 (6623 turns).

jasper the Trooper (Demonspawn Fighter)             Turns: 6623, Time: 00:13:18

Health: 0/71       AC: 12    Str: 26    XL:     9   Next: 21%
Magic:  10/10      EV: 16    Int: 24    God:    Cheibriados [****..]
Gold:   302        SH:  6    Dex: 23    Spells: 1/8 levels left

rFire   + . .      SeeInvis .      - Unarmed
rCold   + . .      Faith    +    b - +0 buckler
rNeg    . . .      Spirit   .    a - +0 scale mail
rPois   .          Reflect  .    (no helmet)
rElec   .          Rampage  .    z - scarf {rC+ rF+}
rCorr   .                        j - +0 pair of gloves
Will    .....                    (no boots)
Stlth   +                        r - amulet of faith
HPRegen 0.31/turn                f - +4 ring of protection
MPRegen 0.24/turn                x - +5 ring of evasion

@: very slow
A: hooves 1, demonic guardian 2, magic regeneration, weakness stinger 1
a: Renounce Religion, Bend Time, Temporal Distortion, Slouch


You were in a bailey.
You worshipped Cheibriados.
Cheibriados was greatly pleased with you.
You visited 2 branches of the dungeon, and saw 8 of its levels.
You also visited: Bailey.

You collected 302 gold pieces.

Inventory:

Hand Weapons
 h - a +1 heavy trident
 m - a +0 sling
 p - the +6 mace of Propriety {heavy, Str+4}
   (You found it on level 3 of the Dungeon)

   Str:       It affects your strength (+4).
Missiles
 e - 3 silver boomerangs
 g - 65 stones (quivered)
Armour
 a - a +0 scale mail (worn)
 b - a +0 buckler (worn)
 j - a +0 pair of gloves (worn)
 z - a scarf of resistance (worn)
Jewellery
 f - a +4 ring of protection (left hand)
 k - a ring of see invisible
 r - an amulet of faith (around neck)
 v - a ring of fire
 x - a +5 ring of evasion (right hand)
 E - a ring of positive energy
Wands
 c - a wand of polymorph (9)
 C - a wand of light (5)
Scrolls
 d - 2 scrolls of immolation
 i - a scroll of vulnerability
 l - 3 scrolls of enchant armour
 n - 2 scrolls of noise
 s - 2 scrolls of identify
 y - 3 scrolls of teleportation
 F - a scroll of enchant weapon
 G - a scroll of amnesia
Potions
 o - a potion of degeneration
 q - a potion of flight
 t - 4 potions of curing
 u - a potion of heal wounds
 w - 2 potions of haste {unknown}
 A - a potion of invisibility
 B - 2 potions of mutation {unknown}
 D - a potion of resistance


   Skills:
 + Level 6.5 Fighting
 - Level 3.0 Ranged Weapons
 + Level 5.3 Armour
 - Level 2.5 Dodging
 - Level 5.2 Shields
 * Level 6.1 Unarmed Combat
 + Level 1.3 Necromancy
 + Level 1.7 Invocations


You had one spell level left.
You knew the following spells:

 Your Spells              Type           Power      Damage    Failure   Level
a - Wereblood             Tmut           0%         N/A       52%         2
b - Apportation           Tloc           0%         N/A       38%         1
c - Animate Dead          Necr           6%         N/A       94%         4

Your spell library contained the following spells:

 Spells                   Type           Power      Damage    Failure   Level
 Beastly Appendage        Tmut           0%         N/A       38%         1
 Inner Flame              Hex/Fire       0%         N/A       77%         3
 Portal Projectile        Hex/Tloc       0%         N/A       77%         3
 Spider Form              Tmut/Pois      0%         N/A       77%         3
 Tukima's Dance           Hex            0%         N/A       77%         3
 Flame Wave               Conj/Fire      0%         2d4       99%         4
 Sticky Flame             Conj/Fire      0%         2d3       99%         4
 Alistair's Intoxication  Tmut/Pois      0%         N/A       100%        5
 Blade Hands              Tmut           0%         N/A       100%        5
 Haunt                    Necr/Summ      1%         N/A       100%        7
 Infestation              Necr           3%         N/A       100%        8


Dungeon Overview and Level Annotations

Branches:
Dungeon (7/15)             Temple (1/1) D:6          Bailey (1/1)

Altars:
Cheibriados
Dithmenos
Gozag
Kikubaaqudgha
Makhleb
Okawaru
Ru
Vehumet
Wu Jian

Shops:
D:6 (

Annotations:
D:5 Prince Ribbit


Innate Abilities, Weirdness & Mutations

You have large cloven feet.
A demonic guardian rushes to your aid.
You regenerate magic rapidly.
You have a small tail.


Message History

You kick the orc warrior, but do no damage.
You tail-slap the orc warrior.
The orc warrior is moderately wounded.
The orc warrior hits you with a +0 bardiche!
You take 9 damage, and have 35/71 hp.
You hit the orc warrior.
The orc warrior is heavily wounded.
The orc warrior hits you with a +0 bardiche!
You take 9 damage, and have 26/71 hp.
You barely miss the orc warrior. Your kick misses the orc warrior.
The orc warrior is heavily wounded.
The orc warrior misses you.
You hit the orc warrior but do no damage.
You kick the orc warrior.
The orc warrior is heavily wounded.
The orc warrior barely misses you.
You completely miss the orc warrior.
You kick the orc warrior, but do no damage.
The orc warrior is heavily wounded.
You hit the orc warrior but do no damage.
You kick the orc warrior.
The orc warrior is heavily wounded.
You block the orc warrior's attack.
You hit the orc warrior. You kick the orc warrior.
The orc warrior is severely wounded.
The orc warrior misses you.
You hit the orc warrior but do no damage.
Your kick misses the orc warrior.
The orc warrior is severely wounded.
The orc warrior hits you but does no damage.
You closely miss the orc warrior. Your kick misses the orc warrior.
The orc warrior is severely wounded.
The orc warrior hits you with a +0 bardiche!
* * * LOW HITPOINT WARNING * * *
A demonic guardian appears!
You take 10 damage, and have 18/71 hp.
You hit the orc warrior but do no damage.
The orc warrior is severely wounded.
The orc warrior hits you with a +0 bardiche!!
You die...

⌠..≈≈≈≈≈..⌠. ...≈≈≈.....
........≈≈ .....≈≈ #...#
#...# #...# #.o.#
#########4@'#########
##...................##
##................)....##
##.......⌠#######⌠.......##
#≈....#####))...#####)...≈#
#≈...##....≈≈≈≈≈)...##.).≈#
#≈...#.⌠.≈≈≈...≈≈≈.⌠.#.).≈#
#≈.))#..≈≈.)≈.≈).≈≈..#)..≈#
#≈..⌠#.≈≈.≈≈≈.≈≈≈.≈≈.#⌠..≈#


You could see an orc warrior (ally target) and a friendly orange demon
(summoned).

Vanquished Creatures
  A steam dragon (D:7)
  3 orc warriors (Bailey)
  2 centaurs (Bailey)
  2 phantoms (D:6)
  A kobold brigand (D:7)
  Blork the orc (D:5)
  8 killer bees (D:7)
  An electric eel (D:6)
  2 hounds (D:5)
  3 orc priests
  2 jellies
  A sleepcap (D:5)
  An iguana (D:7)
  5 orc wizards
  13 gnolls
  4 adders
  A white imp (D:7)
  An ufetubus (D:6)
  A worm (D:3)
  43 orcs
  6 bats
  10 endoplasms
  10 giant cockroaches
  10 hobgoblins
  6 quokkas
  3 ball pythons
  2 frilled lizards (D:1)
  4 goblins
  10 kobolds
  5 rats
162 creatures vanquished.

Vanquished Creatures (collateral kills)
  Menkaure (D:6)
  An ice beast (D:6)
  An ogre (D:6)
  A centaur (Bailey)
  An orc wizard (D:5)
  4 orcs
  A kobold (D:2)
10 creatures vanquished.

Grand Total: 172 creatures vanquished

Notes
Turn   | Place    | Note
-------+----------+-------------------------------------------
     0 | D:1      | jasper the Demonspawn Fighter began the quest for the Orb.
     0 | D:1      | Reached XP level 1. HP: 18/18 MP: 1/1
   190 | D:1      | Gained mutation: A weak demonic guardian rushes to your
                  | aid. [demonic ancestry]
   190 | D:1      | Reached XP level 2. HP: 24/24 MP: 2/2
   718 | D:1      | Gained mutation: You regenerate magic rapidly. [demonic
                  | ancestry]
   718 | D:1      | Reached XP level 3. HP: 30/30 MP: 3/3
  1199 | D:2      | You fall into a shaft and drop 1 floor!
  1760 | D:3      | Identified the +6 mace of Propriety {heavy, Str+4}
  1802 | D:3      | Reached XP level 4. HP: 17/37 MP: 4/4
  1903 | D:3      | Reached skill level 1 in Ranged Weapons
  1973 | D:3      | Found an ornate altar of the Wu Jian Council.
  2455 | D:4      | Reached skill level 1 in Dodging
  2536 | D:4      | Found an ancient bone altar of Kikubaaqudgha.
  2563 | D:5      | Entered Level 5 of the Dungeon
  2563 | D:5      | Noticed Blork the orc
  2571 | D:5      | Killed Blork the orc
  2572 | D:5      | Reached XP level 5. HP: 4/42 MP: 5/5
  2785 | D:5      | Noticed Prince Ribbit
  2970 | D:5      | Discovered your monstrous ancestry.
  2970 | D:5      | Gained mutation: You have large cloven feet. [demonic
                  | ancestry]
  2970 | D:5      | Reached XP level 6. HP: 35/49 MP: 6/6
  3062 | D:5      | Found a snail-covered altar of Cheibriados.
  3076 | D:5      | Became a worshipper of Cheibriados the Contemplative
  3111 | D:5      | Found an opulent altar of Gozag.
  3435 | D:5      | Found an iron altar of Okawaru.
  3739 | D:4      | Found a burning altar of Makhleb.
  3944 | D:4      | Found a sacrificial altar of Ru.
  4049 | D:4      | Reached * piety under Cheibriados
  4197 | D:3      | Gained mutation: A demonic guardian rushes to your aid.
                  | [demonic ancestry]
  4197 | D:3      | Reached XP level 7. HP: 22/55 MP: 7/7
  4543 | D:3      | Learned a level 2 spell: Wereblood
  4688 | D:6      | Reached skill level 5 in Fighting
  4852 | D:6      | Reached ** piety under Cheibriados
  5030 | D:6      | Found a staircase to the Ecumenical Temple.
  5078 | D:6      | Found Xibrifyr's Antique Weapon Boutique.
  5078 | D:6      | Noticed Menkaure
  5083 | D:6      | Killed Menkaure
  5084 | D:6      | Gained mutation: You have a small tail. [demonic ancestry]
  5084 | D:6      | Reached XP level 8. HP: 12/63 MP: 8/8
  5727 | Temple   | Entered the Ecumenical Temple
  5769 | D:7      | Reached skill level 5 in Unarmed Combat
  5869 | D:7      | Reached *** piety under Cheibriados
  5901 | D:7      | Reached skill level 5 in Armour
  5913 | D:7      | Reached skill level 5 in Shields
  6056 | D:7      | Found a radiant altar of Vehumet.
  6059 | D:7      | Learned a level 1 spell: Apportation
  6064 | D:7      | Learned a level 4 spell: Animate Dead
  6122 | D:7      | Found a flagged portal.
  6139 | Bailey   | Entered a bailey
  6166 | Bailey   | Reached **** piety under Cheibriados
  6315 | Bailey   | Reached XP level 9. HP: 60/69 MP: 9/9
  6359 | Bailey   | Reached skill level 1 in Invocations
  6471 | Bailey   | Reached skill level 1 in Necromancy
  6623 | Bailey   | Slain by an orc warrior

Illustrated notes

Levels and vault maps discovered:
D:1:      minmay_arrival_jagged, layout_loops_ring, minivault_25,
          minmay_worlds_worst_comb
D:2:      layout_rooms
D:3:      layout_basic, nicolae_wu_jian_wuxing_cycle
D:4:      layout_rooms, mainiacjoe_overflow_brackets, nicolae_ru_path_of_blood,
          mainiacjoe_overflow_alcove_1
D:5:      layout_loops_ring, mainiacjoe_overflow_cross_hatched,
          lemuel_doored_altar, mainiacjoe_overflow_paths,
          gammafunk_ghost_necromancy, uniq_blork_the_orc, uniq_prince_ribbit1
D:6:      layout_basic, minmay_temple_entry_junction, serial_shops, shop,
          fountainhead, serial_bayou_crossing, uniq_menkaure
D:7:      layout_gridville, lemuel_tele_altar, enter_bailey_4,
          kennysheep_generic_room_4
Temple:   nicolae_temple_ecumenical_triangle
Bailey:   bailey_polearm_flooded_kennysheep, bailey

Skill      XL: |  1  2  3  4  5  6  7  8  9 |
---------------+----------------------------+-----
Shields        | 3 4 5 |  5.2
Fighting       | 4 5 6 |  6.5
Ranged Weapons | 2 3 |  3.0
Armour         | 3 4 5 |  5.3
Dodging        | 1 2 |  2.5
Unarmed Combat | 2 4 5 6 |  6.1
Invocations    | 1 |  1.7
Necromancy     | 1 |  1.3

Action                     |  1- 3 |  4- 6 |  7- 9 || total
---------------------------+-------+-------+-------++-------
  Melee: Unarmed           |    86 |       |    54 ||   140
         Trident           |    83 |       |    25 ||   108
         Mace              |     6 |    98 |   109 ||   213
         Kick              |       |    12 |    46 ||    58
         Tailslap          |       |       |    17 ||    17
   Fire: Sling             |     3 |    32 |       ||    35
  Throw: Stone             |       |     3 |       ||     3
         Boomerang         |       |       |     6 ||     6
  Evoke: Wand              |       |     2 |     3 ||     5
    Use: Potion            |       |     8 |     1 ||     9
         Scroll            |       |     4 |    11 ||    15
 Armour: Scale mail        |    90 |    79 |    91 ||   260
         Skin              |       |     3 |       ||     3
  Dodge: Dodged            |    63 |    83 |   292 ||   438
  Block: Buckler           |    21 |    40 |    97 ||   158

Table legend: (Time is in decaauts)
 A = Elapsed time spent in this place.
 B = Non-inter-level travel time spent in this place.
 C = Inter-level travel time spent in this place.
 D = Time resting spent in this place.
 E = Time spent auto-exploring this place.
 F = Levels seen in this place.
 G = Mean time per level.
                   A        B        C        D        E       F      G
               +--------+--------+--------+--------+--------+-----+--------+
         Total |   7898 |   7502 |    396 |   1576 |   3875 |   9 |  877.6 |
       Dungeon |   7260 |   6864 |    396 |   1499 |   3591 |   7 | 1037.1 |
        Temple |      1 |      1 |      0 |      0 |      0 |   1 |    1.0 |
        Bailey |    635 |    635 |      0 |     77 |    283 |   1 |  635.0 |
               +--------+--------+--------+--------+--------+-----+--------+

Top non-repeatable levels by time:
     D:6: 1513 daAuts
     D:5: 1148 daAuts
     D:1: 1134 daAuts
     D:4: 1101 daAuts
     D:3: 1024 daAuts
     D:2: 748 daAuts
  Bailey: 635 daAuts
     D:7: 589 daAuts
  Temple: 1 daAuts
